 Dungeon Crawl Stone Soup version 0.23.2-1-ga50397a (webtiles) character file.

Game seed: 16438280339521163886

3350 funkygono the Blocker (level 10, -4/79 HPs)
             Began as a Formicid Fighter on May 10, 2019.
             Was an Initiate of the Shining One.
             Slain by a naga
             ... wielding a +0 trident
             ... created by the fury of Okawaru
              (7 damage)
             ... on level 7 of the Dungeon on May 11, 2019.
             The game lasted 00:28:16 (6929 turns).

funkygono the Blocker (Formicid Fighter)            Turns: 6929, Time: 00:28:17

Health: -4/79      AC: 24    Str: 27    XL:     10   Next: 22%
Magic:  19/19      EV:  8    Int:  8    God:    the Shining One [......]
Gold:   345        SH: 15    Dex: 10    Spells: 9/9 levels left

rFire    . . .     SeeInvis +   x - +2 whip (venom)
rCold    . . .     Gourm    .   c - +1 shield
rNeg     . . .     Faith    .   z - +0 plate armour
rPois    .         Spirit   .   (helmet unavailable)
rElec    .         Reflect  +   o - +2 cloak
rCorr    .         Harm     .   A - +1 pair of gloves {Str+3}
MR       +....                  (no boots)
Stlth    ..........             i - +2 amulet of reflection
HPRegen  0.23/turn              H - ring of magical power
MPRegen  0.16/turn              k - +6 ring of protection

@: glowing
A: permanent stasis, dig shafts and tunnels, four strong arms, antennae 3
a: Dig, Shaft Self, Renounce Religion


You were on level 7 of the Dungeon.
You worshipped the Shining One.
The Shining One was noncommittal.
You were not hungry.

You visited 2 branches of the dungeon, and saw 8 of its levels.
You also visited: Ossuary.

You collected 345 gold pieces.

Inventory:

Hand Weapons
 a - a +0 flail
 h - a +0 hunting sling of flaming
 n - a +2 quarterstaff of chaos
 x - a +2 whip of venom (weapon)
Missiles
 j - 178 stones (quivered)
 q - 100 sling bullets
Armour
 c - a +1 shield (worn)
 o - a +2 cloak (worn)
 z - a +0 plate armour (worn)
 A - a +1 pair of gloves of strength (worn)
Magical Staves
 B - an uncursed staff of energy
Jewellery
 i - a +2 amulet of reflection (around neck)
 k - a +6 ring of protection (right hand)
 w - an uncursed amulet of magic regeneration
 G - a +3 ring of dexterity
 H - a ring of magical power (left hand)
Wands
 r - a wand of polymorph (16)
 y - a wand of digging (4)
Scrolls
 m - 3 scrolls of identify
 t - a scroll of enchant armour
 E - a scroll of remove curse
Potions
 d - 4 potions of might
 e - 2 potions of curing
 g - 2 potions of resistance
 l - 3 potions of heal wounds
 p - 2 potions of mutation
 s - 2 potions of brilliance
 v - 2 potions of agility
 C - 4 potions of cancellation
 D - a potion of ambrosia {unknown}
Comestibles
 b - a chunk of flesh
 f - 18 rations


   Skills:
 + Level 7.1 Fighting
 + Level 8.5 Maces & Flails
 + Level 5.5 Armour
 + Level 3.2 Dodging
 + Level 1.3 Stealth
 + Level 9.7 Shields


You had 9 spell levels left.
You didn't know any spells.
Your spell library was empty.

Dungeon Overview and Level Annotations

Branches:
Dungeon (7/15)             Temple (1/1) D:6

Altars:
Ashenzari
Cheibriados
Dithmenos
Elyvilon
Fedhas
Kikubaaqudgha
Makhleb
Nemelex Xobeh
Okawaru
Qazlal
Ru
Trog
Uskayaw
Vehumet
Wu Jian
Yredelemnul
Zin
The Shining One

Shops:
D:6 *


Innate Abilities, Weirdness & Mutations

You cannot be hasted, slowed, berserked, paralysed or teleported.
You can dig through walls and to a lower floor.
Your four strong arms can wield two-handed weapons with a shield.
You have a pair of large antennae on your head. (SInv)


Message History

The salamander is moderately wounded.
You block the salamander's attack.
You completely miss the salamander.
The salamander is moderately wounded.
You block the naga's attack. The salamander hits you.
* * * LOW HITPOINT WARNING * * *
You are engulfed in flames!
* * * LOW HITPOINT WARNING * * *
You hit the salamander.
The salamander looks as sick as possible!
The salamander is moderately wounded.
The naga barely misses you.
You hit the salamander.
The salamander looks as sick as possible!
The salamander is moderately wounded.
You block the salamander's attack.
You hit the salamander but do no damage.
The salamander is heavily wounded.
The naga hits you from afar with a +0 trident!
You die...

### ##.. .. #..
... #.# ##.## #.#
..... #.
#@#.......#.# #.
#N#{......#.# #.##
#eNe.._.....# #.#.
#.#.{.....#.# #.#.
#)#.......#.###..<
#.# ..... #..##...
#.####.####....>..
#..{..............
##.#{....##.......


You could see a salamander, a deep elf knight and a naga.

Vanquished Creatures
  A naga warrior (D:7)
  Eustachio (D:6)
  4 orc warriors
  2 sky beasts
  A necrophage (D:7)
  A black bear (D:6)
  A phantom (D:7)
  An ice beast (D:6)
  2 centaurs
  2 ogres
  A bullfrog (D:6)
  A gnoll sergeant (D:6)
  9 scorpions
  2 howler monkeys
  2 crimson imps
  2 hounds
  Crazy Yiuf (D:2)
  4 centaur zombies (Ossuary)
  2 human zombies (Ossuary)
  3 orc priests
  2 bullfrog skeletons
  3 orc wizards
  Terence (D:2)
  3 iguanas
  10 worker ants
  A statue (D:4)
  2 big kobold zombies (Ossuary)
  3 mummies (Ossuary)
  4 gnolls
  6 river rats (D:4)
  5 scorpion zombies (Ossuary)
  5 adders
  2 shadow imps
  An adder skeleton (D:7)
  An adder zombie (D:7)
  3 worms
  A dart slug (D:3)
  5 leopard geckos
  16 orcs
  3 ball pythons
  8 giant cockroaches
  6 goblins
  8 hobgoblins
  11 jackals
  10 kobolds
  3 quokkas
  A ball python skeleton (D:6)
  8 bats
  6 frilled lizards
  A gnoll zombie (Ossuary)
  3 goblin zombies (Ossuary)
  A hobgoblin zombie (Ossuary)
  A jackal zombie (D:6)
  5 kobold zombies (Ossuary)
  2 orc zombies (Ossuary)
  15 rats
209 creatures vanquished.

Notes
Turn   | Place    | Note
-------+----------+-------------------------------------------
     0 | D:1      | funkygono the Formicid Fighter began the quest for the Orb.
     0 | D:1      | Reached XP level 1. HP: 18/18 MP: 1/1
    79 | D:1      | Reached XP level 2. HP: 18/24 MP: 2/2
   126 | D:1      | Reached skill level 4 in Shields
   445 | D:1      | Reached XP level 3. HP: 29/29 MP: 3/3
   842 | D:2      | Found a runed translucent door.
   843 | D:2      | Noticed Crazy Yiuf
   856 | D:2      | Killed Crazy Yiuf
   856 | D:2      | Reached skill level 1 in Dodging
   856 | D:2      | Reached XP level 4. HP: 37/37 MP: 4/4
   890 | D:2      | Noticed Terence
   912 | D:2      | Killed Terence
   912 | D:2      | Reached XP level 5. HP: 42/42 MP: 5/5
  1511 | D:3      | Found a shadowy altar of Dithmenos.
  1554 | D:3      | Found a blossoming altar of Fedhas.
  1618 | D:3      | Reached skill level 5 in Shields
  1744 | D:3      | Reached XP level 6. HP: 42/48 MP: 6/6
  2119 | D:4      | Found an ornate altar of the Wu Jian Council.
  2959 | D:4      | Found a radiant altar of Vehumet.
  3469 | D:5      | Entered Level 5 of the Dungeon
  3562 | D:5      | Reached XP level 7. HP: 55/55 MP: 7/7
  3862 | D:5      | Reached skill level 6 in Shields
  4003 | D:5      | Reached skill level 5 in Maces & Flails
  4003 | D:5      | Reached skill level 1 in Stealth
  4011 | D:5      | Reached XP level 8. HP: 43/61 MP: 8/8
  4032 | D:5      | Reached skill level 5 in Fighting
  4043 | D:5      | Reached skill level 7 in Shields
  4353 | D:6      | Found a sand-covered staircase.
  4358 | Ossuary  | Entered an ossuary
  4651 | Ossuary  | Reached XP level 9. HP: 39/69 MP: 9/9
  4690 | Ossuary  | Reached skill level 8 in Shields
  5046 | D:6      | Found a shattered altar of Ashenzari.
  5049 | D:6      | Noticed Eustachio
  5165 | D:6      | Killed Eustachio
  5185 | D:6      | Found Xauf's Mass Market.
  5342 | D:6      | Found a snail-covered altar of Cheibriados.
  5469 | D:6      | Reached skill level 5 in Armour
  5510 | D:6      | Found a staircase to the Ecumenical Temple.
  5518 | D:6      | Reached skill level 9 in Shields
  5524 | Temple   | Entered the Ecumenical Temple
  6290 | D:7      | Reached XP level 10. HP: 65/77 MP: 10/10
  6490 | D:7      | Found an iron altar of Okawaru.
  6499 | D:7      | Became a worshipper of Warmaster Okawaru
  6596 | D:7      | Found a glowing golden altar of the Shining One.
  6605 | D:7      | Fell from the grace of Okawaru
  6605 | D:7      | Became a worshipper of the Shining One
  6863 | D:7      | Noticed a naga warrior
  6863 | D:7      | Noticed a salamander
  6863 | D:7      | Noticed a deep elf archer
  6863 | D:7      | Noticed a deep elf archer
  6866 | D:7      | Found a sparkling altar of Nemelex Xobeh.
  6870 | D:7      | Noticed a deep elf mage
  6880 | D:7      | Noticed a deep elf knight
  6911 | D:7      | HP: 3/79 [naga warrior/+0 long sword[the fury of Okawaru]
                  | (1)]
  6912 | D:7      | The Shining One protects you from harm!
  6913 | D:7      | Killed a naga warrior
  6926 | D:7      | HP: 2/79 [salamander[the fury of Okawaru] (12)]
  6929 | D:7      | Slain by a naga

Skill      XL: |  1  2  3  4  5  6  7  8  9 10 |
---------------+-------------------------------+-----
Shields        | 4 5 6 7 9 |  9.7
Dodging        | 1 2 3 |  3.2
Maces & Flails | 3 4 5 6 7 8 |  8.5
Fighting       | 4 5 6 7 |  7.1
Armour         | 4 5 |  5.5
Stealth        | 1 |  1.3

Action                   |  1- 3 |  4- 6 |  7- 9 | 10-12 || total
-------------------------+-------+-------+-------+-------++-------
Melee: Flail             |   131 |   239 |   488 |       ||   858
       Whip              |       |       |    78 |   157 ||   235
 Abil: Dig               |       |     1 |       |       ||     1
  Use: Scroll            |     3 |     3 |    11 |       ||    17
       Potion            |       |       |       |     2 ||     2
 Stab: Distracted        |       |       |     1 |       ||     1
  Eat: Chunk             |       |     9 |     7 |     2 ||    18
       Ration            |       |       |     1 |       ||     1
Armor: Scale mail        |    62 |   100 |   127 |       ||   289
       Plate armour      |       |       |    66 |    31 ||    97
Dodge: Dodged            |    62 |    62 |   143 |    19 ||   286
Block: Shield            |    85 |   152 |   455 |    74 ||   766
       Reflection        |       |     1 |     5 |     2 ||     8
